 Dungeon Crawl Stone Soup version 0.18.1-50-g88ac8fd (webtiles) character file.

23718 ClearlyMisunderstood the Protected (level 12, 0/94 HPs)
             Began as a Demonspawn Abyssal Knight on Feb 22, 2017.
             Was the Champion of Lugonu.
             Succumbed to a naga warrior's splash of poison
             ... on level 1 of the Snake Pit.
             The game lasted 02:55:19 (17460 turns).

ClearlyMisunderstood the Protected (DsAK)          Turns: 17460, Time: 02:55:19

Health: 0/94       AC: 28    Str: 17    XL:     12   Next: 74%
Magic:  1/14       EV:  5    Int: 14    God:    Lugonu [******]
Gold:   564        SH: 15    Dex: 12    Spells: 0 memorised, 11 levels left

rFire  . . .     SeeInvis +     a - +8 dagger of Discord {venom, rC+}
rCold  + . .     Gourm    .     Q - +0 plate armour {wearing}
rNeg   . . .     Faith    .     G - +0 large shield
rPois  .         Spirit   +     (no helmet)
rElec  .         Dismiss  .     n - +0 cloak
rCorr  .         Reflect  .     o - +0 pair of gloves
SustAt .         Harm     .     e - +0 pair of boots
MR     .....                    I - amulet of guardian spirit
Stlth  ..........               F - ring of see invisible
                                H - +6 ring of protection

@: lethally poisoned (0 -> -8), about to teleport, not resistant to hostile
enchantments, extremely unstealthy
A: claws 2, rough black scales 1, powered by death 1, spiny 1
a: Depart the Abyss, Bend Space, Banish, Corrupt, Enter the Abyss, Brand Weapon
With Distortion, Renounce Religion


You were on level 1 of the Snake Pit.
You worshipped Lugonu.
Lugonu was exalted by your worship.
You were very hungry.

You visited 5 branches of the dungeon, and saw 17 of its levels.
You visited the Abyss 1 time.

You collected 672 gold pieces.
You spent 108 gold pieces at shops.

Inventory:

Hand Weapons
 a - the +8 dagger of Discord (weapon) {venom, rC+}
   (You found it on level 1 of the Lair of Beasts)

   It poisons the flesh of those it strikes.
   It protects you from cold.
 l - a +0 scythe
 s - a +0 dire flail
 u - a +3 mace of holy wrath
 x - a +0 shortbow
 A - a +0 flail
 B - the +9 trident of Ganaen {pierce, Dex+3, unknown}
   (You found it on level 3 of the Lair of Beasts)

   It inflicts extra damage upon your enemies.
   It affects your dexterity (+3).
 K - a +6 flail of protection {weilding}
 T - a +0 rapier
 U - a +2 mace of protection
 V - a cursed -2 hand axe
Missiles
 d - 286 stones (quivered)
 h - 93 arrows
Armour
 b - a +5 ring mail
 e - a +0 pair of boots (worn)
 n - a +0 cloak (worn)
 o - a +0 pair of gloves (worn)
 z - a troll hide
 G - a +0 large shield (worn)
 P - a +0 ring mail
 Q - a +0 plate armour (worn) {wearing}
 Y - a +0 robe
Magical Staves
 j - an uncursed staff of conjuration
Jewellery
 w - an uncursed ring of protection from cold
 E - an uncursed amulet of dismissal {unknown}
 F - a ring of see invisible (right hand)
 H - a +6 ring of protection (left hand)
 I - an amulet of guardian spirit (around neck)
 O - an uncursed amulet of rage
Wands
 g - a wand of acid (6/15)
 k - a wand of random effects (17/48)
 r - a wand of lightning (0/15)
 v - a wand of acid (0/15)
 L - a wand of flame (11/48)
 M - a wand of slowing (42/48)
 N - a wand of flame (13/48)
Scrolls
 y - 6 scrolls of amnesia
 R - a scroll of magic mapping
 Z - 4 scrolls of remove curse
Potions
 i - 3 potions of brilliance
 m - 2 potions of agility
 t - a potion of ambrosia
 C - 3 potions of lignification
 S - a potion of cure mutation
 W - a potion of might
 X - 2 potions of flight
Books
 J - a book of Envenomations

   Spells                             Type                      Level
   a - Spider Form                    Transmutation/Poison         3
   b - Olgreb's Toxic Radiance        Poison                       4
   c - Alistair's Intoxication        Transmutation/Poison         5
   d - Poisonous Cloud                Conjuration/Poison/Air       6
Comestibles
 c - 9 bread rations
 f - 2 meat rations
 q - a slice of pizza
 D - a royal jelly


   Skills:
 + Level 8.6 Fighting
 + Level 2.4 Short Blades
 + Level 7.4 Maces & Flails
 + Level 0.3(4.5) Staves
 + Level 8.7 Throwing
 + Level 9.2 Armour
 + Level 8.5 Dodging
 + Level 2.4 Stealth
 + Level 7.1 Shields
 + Level 2.7 Invocations
 + Level 1.5 Evocations


You had 11 spell levels left.
You didn't know any spells.

Dungeon Overview and Level Annotations

Branches:
Dungeon (10/15)            Temple (1/1) D:6            Lair (4/8) D:10
  Swamp (1/4) Lair:3        Snake (1/4) Lair:3
    Orc: D:9-12

Altars:
Ashenzari
Cheibriados
Dithmenos
Elyvilon
Gozag
Kikubaaqudgha
Makhleb
Nemelex Xobeh
Okawaru
Qazlal
Ru
Sif Muna
Trog
Vehumet
Xom
Yredelemnul
Zin

Shops:
D:4 !   D:5 }   D:9 }


Innate Abilities, Weirdness & Mutations

You have very sharp fingernails.
You are partially covered in rough black scales (AC +4, Dex -1).
You regenerate a little health from kills.
You are partially covered in sharp spines.


Message History

Your skill with magical items lets you calculate the power of this device...
This wand has 11 charges left.
The naga warrior is struck by your spines.
The naga warrior hits you but does no damage.
You hit the naga warrior.
The naga warrior looks even sicker.
The naga warrior is almost dead.
You feel sick.
You hit the naga warrior.
The naga warrior is almost dead.
You feel sick.
The naga warrior hits you with a glaive of protection!!
* * * LOW HITPOINT WARNING * * *
As you read the scroll of teleportation, it crumbles to dust.
You feel strangely unstable.
* * * LOW HITPOINT WARNING * * *
You feel sick. The naga warrior spits poison at you.
The splash of poison hits you!
You are more poisoned.
You die...

#.# ............ #.#
##.#####†#### #.#
#.#####.# #. #.#
#.......# #. #.#
#####..## #. #.# #..####.
# #.#########....... ...
#.................
.....###@................
......N............######
####################


You could see a naga warrior.

Vanquished Creatures
  2 hydras
  A naga warrior (Snake:1)
  A queen ant (Lair:2)
  The ghost of zephy the Arsonist, a novice DrFE of Vehumet (Lair:1)
  A shock serpent (Snake:1)
  Pikel (D:4)
  A mana viper (Snake:1)
  6 elephants (Lair:2)
  6 black mambas
  3 spiny frogs
  A naga mage (Snake:1)
  3 komodo dragons
  2 trolls
  A tengu conjurer (D:10)
  Grinder (D:5)
  Prince Ribbit (D:8)
  10 blink frogs
  Sigmund (D:4)
  2 basilisks (Lair:3)
  2 hippogriffs
  Edmund (D:4)
  Eustachio (D:6)
  6 swamp worms (Lair:3)
  6 water moccasins
  5 soldier ants (Lair:2)
  3 nagas
  2 porcupines
  2 ice beasts (D:8)
  An orc warrior (D:9)
  A sky beast (D:9)
  4 phantoms
  23 wolves
  3 ogres
  3 centaurs
  4 crocodiles
  Blork the orc (D:5)
  5 big kobolds
  6 giant frogs
  2 scorpions
  9 killer bees
  3 wights (D:6)
  A jelly (D:10)
  4 electric eels
  2 crimson imps (D:9)
  A quasit (D:7)
  A centaur zombie (D:6)
  7 orc priests
  8 hounds
  Crazy Yiuf (D:2)
  A centaur skeleton (D:5)
  A giant frog skeleton (D:8)
  4 iguanas
  10 orc wizards
  20 worker ants
  5 sheep (Lair:2)
  A worker ant zombie (D:6)
  7 gnolls
  A howler monkey skeleton (D:4)
  6 adders
  7 river rats
  3 shadow imps
  An ooze (D:1)
  An adder zombie (D:9)
  8 worms
  2 dart slugs
  10 giant geckos
  26 orcs
  7 giant cockroaches
  10 goblins
  5 hobgoblins
  14 jackals
  5 quokkas
  6 bats
  A giant gecko zombie (D:6)
  4 giant newts
  A jackal skeleton (D:4)
  A jackal zombie (D:5)
  29 kobolds
  2 quokka skeletons (D:5)
  7 rats
  A plant (Lair:1)
370 creatures vanquished.

Vanquished Creatures (others)
  9 fungi
  6 plants
15 creatures vanquished.

Grand Total: 385 creatures vanquished

Notes
Turn   | Place    | Note
--------------------------------------------------------------
     0 | Abyss:1  | ClearlyMisunderstood the Demonspawn Abyssal Knight began the quest for the Orb.
     0 | Abyss:1  | Reached XP level 1. HP: 18/18 MP: 2/2
    71 | Abyss:1  | Noticed a ynoxinul
    72 | D:1      | Escaped the Abyss
   349 | D:1      | Reached * piety under Lugonu
   349 | D:1      | Gained mutation: You regenerate a little health from kills. [demonic ancestry]
   349 | D:1      | Reached XP level 2. HP: 24/24 MP: 3/3
   454 | D:1      | Reached skill level 2 in Armour
   548 | D:1      | Reached skill level 1 in Dodging
  1084 | D:2      | Reached XP level 3. HP: 29/29 MP: 5/5
  1178 | D:2      | Found a sparkling altar of Nemelex Xobeh.
  1726 | D:2      | Noticed Crazy Yiuf
  1745 | D:2      | Killed Crazy Yiuf
  1745 | D:2      | Reached skill level 1 in Throwing
  1745 | D:2      | Gained mutation: You are partially covered in sharp spines. [demonic ancestry]
  1745 | D:2      | Reached XP level 4. HP: 3/37 MP: 6/6
  2156 | D:3      | Noticed a centaur
  2517 | D:2      | Reached ** piety under Lugonu
  2741 | D:3      | Reached XP level 5. HP: 42/42 MP: 7/7
  2753 | D:3      | Gained mutation: You have a pair of small horns on your head. [potion of mutation]
  2753 | D:3      | Gained mutation: You are somewhat resistant to further mutation. [potion of mutation]
  2753 | D:3      | Gained mutation: You are clumsy. (Dex -2) [potion of mutation]
  2754 | D:3      | Gained mutation: Your spells are a little harder to cast, but a little more powerful. [potion of mutation]
  2798 | D:3      | Killed a centaur
  2830 | D:4      | Noticed an ogre
  2856 | D:3      | Found an iron altar of Okawaru.
  2953 | D:4      | Noticed Edmund
  2953 | D:4      | Noticed a phantom
  2957 | D:4      | Reached skill level 3 in Armour
  2971 | D:4      | Killed Edmund
  2971 | D:4      | Gained mutation: You have sharp fingernails. [demonic ancestry]
  2971 | D:4      | Reached XP level 6. HP: 22/48 MP: 8/8
  3102 | D:5      | Entered Level 5 of the Dungeon
  3144 | D:3      | Reached skill level 4 in Armour
  3933 | D:4      | Reached XP level 7. HP: 54/54 MP: 9/9
  3943 | D:4      | Found Exkeufun's Distillery.
  3952 | D:4      | Bought a potion of curing for 36 gold pieces
  3952 | D:4      | Bought a potion of curing for 36 gold pieces
  3952 | D:4      | Bought a potion of curing for 36 gold pieces
  4003 | D:4      | Found a shimmering altar of Xom.
  4004 | D:4      | Noticed an angel
  4005 | D:4      | Found a glowing silver altar of Zin.
  4028 | D:4      | Reached *** piety under Lugonu
  4186 | D:4      | Noticed Sigmund
  4211 | D:4      | Killed Sigmund
  4349 | D:4      | Reached skill level 5 in Armour
  4513 | D:4      | Noticed Pikel
  4569 | D:4      | Killed Pikel
  4569 | D:4      | Gained mutation: You have very sharp fingernails. [demonic ancestry]
  4569 | D:4      | Reached XP level 8. HP: 26/61 MP: 2/10
  4955 | D:5      | Noticed Blork the orc
  4963 | D:5      | Reached skill level 5 in Dodging
  5003 | D:5      | Killed Blork the orc
  5003 | D:5      | Reached skill level 5 in Fighting
  5188 | D:5      | Found Ulialuvi's Gadget Shoppe.
  5626 | D:5      | Noticed Grinder
  5632 | D:5      | Killed Grinder
  5632 | D:5      | Reached XP level 9. HP: 67/68 MP: 11/11
  5808 | D:6      | Reached **** piety under Lugonu
  5853 | D:6      | Noticed Eustachio
  5878 | D:6      | Killed Eustachio
  5925 | D:6      | Noticed a troll
  5944 | D:6      | Killed a troll
  5944 | D:6      | Reached skill level 5 in Throwing
  6206 | D:6      | Found a bloodstained altar of Trog.
  6228 | D:6      | Found a staircase to the Ecumenical Temple.
  6238 | Temple   | Entered the Ecumenical Temple
  6692 | D:6      | Reached skill level 6 in Armour
  7210 | D:6      | Reached skill level 1 in Stealth
  7400 | D:6      | Reached skill level 5 in Maces & Flails
  7704 | D:8      | Noticed Prince Ribbit
  7718 | D:8      | Killed Prince Ribbit
  7727 | D:8      | Reached ***** piety under Lugonu
  7778 | D:8      | Reached XP level 10. HP: 76/76 MP: 12/12
  8041 | D:8      | Lost mutation: Your spells are a little harder to cast, but a little more powerful. [potion of cure mutation]
  8041 | D:8      | Lost mutation: You are clumsy. (Dex -2) [potion of cure mutation]
  8041 | D:8      | Lost mutation: You are somewhat resistant to further mutation. [potion of cure mutation]
  8041 | D:8      | Lost mutation: You have a pair of small horns on your head. [potion of cure mutation]
  8643 | D:8      | Found a burning altar of Makhleb.
  8645 | D:8      | Noticed a green death
  8693 | D:9      | Found an ancient bone altar of Kikubaaqudgha.
  8939 | D:10     | Entered Level 10 of the Dungeon
  9196 | D:10     | Found a staircase to the Lair.
  9286 | D:9      | Reached skill level 1 in Shields
  9363 | D:9      | Found a shattered altar of Ashenzari.
  9515 | D:9      | Found Qaymesk's Gadget Emporium.
  9835 | D:9      | HP: 2/77 [komodo dragon (10)]
 11116 | Lair:1   | Entered Level 1 of the Lair of Beasts
 11219 | Lair:1   | Noticed zephy's ghost (novice DrFE)
 11225 | Lair:1   | Noticed a spiny frog
 11740 | Lair:2   | Killed a spiny frog
 11816 | Lair:1   | Noticed a spiny frog
 11823 | Lair:1   | Killed a spiny frog
 11950 | Lair:1   | Got a fine dagger
 12052 | Lair:1   | Reached XP level 11. HP: 71/83 MP: 10/13
 12160 | Lair:1   | HP: 4/83 [burnt (7)]
 12480 | Lair:1   | Killed zephy's ghost
 12480 | Lair:1   | Reached skill level 7 in Armour
 12935 | Lair:1   | Reached skill level 1 in Evocations
 13410 | Lair:2   | Reached ****** piety under Lugonu
 13509 | Lair:2   | Noticed a queen ant
 13537 | Lair:2   | Killed a queen ant
 13943 | Lair:2   | Noticed a five-headed hydra
 14031 | Lair:2   | Reached skill level 8 in Armour
 14764 | Lair:2   | Reached skill level 5 in Shields
 14883 | Lair:2   | Gained mutation: You are partially covered in rough black scales (AC +4, Dex -1). [demonic ancestry]
 14883 | Lair:2   | Reached XP level 12. HP: 91/92 MP: 12/14
 15006 | Lair:2   | Killed a five-headed hydra
 15036 | Lair:2   | Identified the +8 dagger of Discord {venom, rC+} (You found it on level 1 of the Lair of Beasts)
 15343 | Lair:3   | Found a staircase to the Snake Pit.
 15452 | Lair:3   | Noticed a six-headed hydra
 15465 | Lair:3   | Killed a six-headed hydra
 15465 | Lair:3   | Reached skill level 1 in Short Blades
 15791 | Lair:3   | Got an iridescent trident
 16124 | Lair:3   | Found a staircase to the Swamp.
 16195 | Swamp:1  | Entered Level 1 of the Swamp
 16212 | Lair:3   | Reached skill level 9 in Armour
 16496 | Snake:1  | Entered Level 1 of the Snake Pit
 17264 | Snake:1  | Noticed a naga warrior
 17299 | Snake:1  | Killed a naga warrior
 17410 | Snake:1  | Noticed a naga warrior
 17458 | Snake:1  | HP: 2/94 [naga warrior/glaive of protection (15)]
 17460 | Snake:1  | Succumbed to a naga warrior's splash of poison

Skill      XL: |  1  2  3  4  5  6  7  8  9 10 11 12 |
---------------+-------------------------------------+-----
Armour         | 2 3 4 5 6 8 9 |  9.2
Dodging        | 1 4 5 6 8 |  8.5
Maces & Flails | 2 3 5 7 |  7.4
Throwing       | 1 2 3 4 6 7 8 |  8.7
Fighting       | 4 5 6 7 8 |  8.6
Stealth        | 1 2 |  2.4
Shields        | 2 5 7 |  7.1
Evocations     | 1 |  1.5
Short Blades   | 2 |  2.4
Staves         | |  0.3
Invocations    | |  2.7

Action                   |  1- 3 |  4- 6 |  7- 9 | 10-12 || total
-------------------------+-------+-------+-------+-------++-------
Melee: Mace              |    98 |       |       |       ||    98
       Quarterstaff      |       |    61 |       |       ||    61
       Headbutt          |       |    11 |    27 |     2 ||    40
       Flail             |       |    20 |   248 |   523 ||   791
       Dagger            |       |       |       |   493 ||   493
       Spear             |       |       |       |    62 ||    62
Throw: Stone             |    86 |   102 |   161 |   359 ||   708
       Throwing net      |       |       |    10 |       ||    10
Invok: Depart the Abyss  |     1 |       |       |       ||     1
Evoke: Wand              |       |       |     1 |    13 ||    14
  Use: Potion            |     5 |     9 |     8 |     9 ||    31
       Scroll            |     4 |     8 |     9 |    15 ||    36
 Stab: Sleeping          |       |       |     1 |       ||     1
  Eat: Meat ration       |     1 |     1 |     2 |     3 ||     7
       Chunk             |       |       |     1 |     4 ||     5
       Beef jerky        |       |       |     1 |     1 ||     2
       Bread ration      |       |       |       |     2 ||     2
       Fruit             |       |       |       |     3 ||     3
Armor: Leather armour    |     7 |       |       |       ||     7
       Chain mail        |    52 |    53 |   122 |       ||   227
       Skin              |       |       |   130 |       ||   130
       Robe              |       |       |    33 |     8 ||    41
       Ring mail         |       |       |       |   125 ||   125
       Plate armour      |       |       |       |   481 ||   481
Dodge: Dodged            |    39 |    15 |   132 |   208 ||   394
Block: Large shield      |       |       |       |   687 ||   687
